 Dungeon Crawl Stone Soup version 0.26.1-11-gd32895ea62 (webtiles) character file.

Game seed: 11517292601440153317

7 buriedalive the Conjurer (level 1, 0/10 HPs)
             Began as a Deep Elf Conjurer on May 26, 2021.
             Slain by a kobold (3 damage)
             ... on level 1 of the Dungeon.
             The game lasted 00:01:03 (657 turns).

buriedalive the Conjurer (Deep Elf Conjurer)         Turns: 657, Time: 00:01:04

Health: 0/10       AC:  5    Str:  4    XL:     1   Next: 91%
Magic:  1/6        EV: 12    Int: 22    God:
Gold:   70         SH:  0    Dex: 13    Spells: 5/6 levels left

rFire    . . .     SeeInvis .   d - +1 morningstar of a wizard's laboratory {freeze, +Rage Will+} (curse)
rCold    . . .     Faith    .   (no shield)
rNeg     . . .     Spirit   .   i - +0 leather armour {rPois}
rPois    +         Reflect  .   (no helmet)
rElec    .         Harm     .   b - +1 cloak
rCorr    .         Rampage  .   (no gloves)
Will     +....                  (no boots)
Stlth    ++........             (no amulet)
HPRegen  0.03/turn              (no ring)
MPRegen  0.10/turn              (no ring)

@: no status effects
A: no striking features
a: Evoke Berserk Rage


You were on level 1 of the Dungeon.
You visited 1 branch of the dungeon, and saw 1 of its levels.

You collected 70 gold pieces.

Inventory:

Hand Weapons
 c - a +0 short sword
 d - the cursed +1 morningstar of a wizard's laboratory (weapon) {freeze, +Rage Will+}
   (You found it on level 1 of the Dungeon)

   It has been specially enchanted to freeze those struck by it, causing extra
   injury to most foes and up to half again as much damage against particularly
   susceptible opponents.
   It can also slow down cold-blooded creatures.
   It affects your willpower, your defense against some magical effects.
   It lets you go berserk.
   It has a curse placed upon it.
Missiles
 h - 6 stones
Armour
 a - a +0 robe
 b - a +1 cloak (worn)
 i - a +0 leather armour of poison resistance (worn)
Scrolls
 f - 3 scrolls of identify {unknown}
Potions
 e - a potion of flight {unknown}
 g - a potion of mutation {unknown}


   Skills:
 + Level 2.9 Dodging
 - Level 2.4 Stealth
 - Level 3.0 Spellcasting
 + Level 4.6 Conjurations


You had 5 spell levels left.
You knew the following spells:

 Your Spells              Type           Power        Failure   Level
a - Magic Dart            Conj           92%          3%          1

Your spell library contained the following spells:

 Spells                   Type           Power        Failure   Level
 Searing Ray              Conj           46%          4%          2
 Dazzling Flash           Conj/Hex       26%          26%         3
 Fulminant Prism          Conj/Hex       6%           65%         4
 Iskenderun's Mystic Bla  Conj/Tloc      13%          65%         4


Dungeon Overview and Level Annotations

Branches:
Dungeon (1/15)

Altars:


Message History

The kobold hits you but does no damage.
Unknown command.
Casting: Magic Dart (safe; 3% risk of failure)
Confirm with . or Enter, or press ? or * to list all spells.
Aiming: Magic Dart (safe; 3% risk of failure)
Press: ? - help, Shift-Dir - straight line, f/p - ooze
Aim: an ooze (almost dead, 0% to evade)
The magic dart hits the ooze but does no damage.
The ooze is almost dead.
The ooze barely misses you. The kobold closely misses you.
Unknown command.
Casting: Magic Dart (safe; 3% risk of failure)
Confirm with . or Enter, or press ? or * to list all spells.
Aiming: Magic Dart (safe; 3% risk of failure)
Press: ? - help, Shift-Dir - straight line, f/p - ooze
Aim: an ooze (almost dead, 0% to evade)
The magic dart hits the ooze.
You kill the ooze!
The kobold hits you.
You die...

####### #.....#
########## #.###.#
#........####.# #.#
####...........#.###.#
.?.............#...#.###
....).K........###.#....
.......@.......'........
...............###.#....
...............+...#....
...............#####....
............##.# ###....
#####+###+####.# #......
..# #...... ... #...###
.... +......


You could see a kobold.

Vanquished Creatures
  An ooze (D:1)
  A giant cockroach (D:1)
  2 kobolds (D:1)
  2 bats (D:1)
  A goblin (D:1)
  2 rats (D:1)
9 creatures vanquished.

Notes
Turn   | Place    | Note
-------+----------+-------------------------------------------
     0 | D:1      | buriedalive the Deep Elf Conjurer began the quest for the
                  | Orb.
     0 | D:1      | Reached XP level 1. HP: 10/10 MP: 6/6
   185 | D:1      | Got an ivory morningstar
   186 | D:1      | Identified the cursed +1 morningstar of a wizard's
                  | laboratory {freeze, +Rage Will+} (You found it on level 1
                  | of the Dungeon)
   657 | D:1      | Slain by a kobold

Illustrated notes

Levels and vault maps discovered:
D:1:      nagdon_arrival_double_spiral, layout_basic, dk_noncrumbling_4

Action                   || total
-------------------------++-------
Melee: Morningstar       ||    11
 Cast: Magic Dart        ||    14
 Stab: Sleeping          ||     2
Armor: Robe              ||     2
       Leather armour    ||     1
Dodge: Dodged            ||    22
